Nashville Predators vs St.Louis Blues
Created - Saturday, June 17, 2023 at 05:52
Goals
|
| Nashville Predators |
2 |
2 |
1 |
5 |
| St.Louis Blues |
1 |
0 |
0 |
1 |
|
Shots
|
| Nashville Predators |
8 |
10 |
12 |
30 |
| St.Louis Blues |
8 |
20 |
9 |
37 |
|
1st period
1. St.Louis Blues , Jack Eichel 20 (Evander Kane 27, Alex Tuch 22) at 11:20
2. Nashville Predators , Corey Perry 21 (Nick Bjugstad 10, Janne Kuokkanen 12) at 11:55
3. Nashville Predators , Corey Perry 22 (Janne Kuokkanen 13, Jake Muzzin 5) at 14:07
Penalties :
Riley Nash (NSH) for Tripping (Minor) at 2:44, Elias Pettersson (STL) for High sticking (Minor) at 18:06
2nd period
4. Nashville Predators , Sam Gagner 19 (Rasmus Ristolainen 17, Brandon Saad 39) at 1:20
5. Nashville Predators , Thomas Novak 16 (Brandon Saad 40) at 3:28
Penalties :
Nate Schmidt (NSH) for Cross-checking (Minor) at 3:39, Justin Braun (NSH) for Charging (Minor) at 8:03, Oliver Kylington (NSH) for Kneeing (Minor) at 13:16
3rd period
6. Nashville Predators , Pat Maroon 24 (Nolan Patrick 14, Justin Braun 18) at 2:29
Penalties :
Justin Braun (NSH) for Holding (Minor) at 3:31
Goalie Stats
Robin Lehner (NSH), 36 saves from 37 shots - (0.973), W, 18-17-2, 60:00 minutes
Frederik Andersen (STL), 13 saves from 14 shots - (0.929), 36:32 minutes
Connor Hellebuyck (STL), 12 saves from 16 shots - (0.750), L, 27-21-4, 23:28 minutes
Players Stats for Nashville Predators
Player Name G A P +/- PIM S H SB GA TA FO MP PP MP PK MP
------------------------------------------------------------------------------------
Bowen Byram 0 0 0 0 0 0 1 2 1 0 0/0 12:09 1:17 1:20
Brandon Saad 0 2 2 2 0 5 1 0 2 2 1/1 19:03 1:07 5:39
Cale Makar 0 0 0 0 0 3 2 1 2 0 0/0 26:15 1:17 5:13
Corey Perry 2 0 2 1 0 5 2 0 0 0 1/3 12:50 0:52 0:00
Jake Muzzin 0 1 1 3 0 0 0 0 0 1 0/0 19:54 0:00 6:00
Janne Kuokkanen 0 2 2 1 0 2 2 1 0 0 1/1 12:50 0:52 0:00
Justin Braun 0 1 1 4 4 1 2 0 0 1 0/0 22:37 0:00 3:22
Loui Eriksson 0 0 0 0 0 1 0 2 0 1 0/1 12:02 0:00 0:00
Nate Schmidt 0 0 0 1 2 0 0 3 0 0 0/0 16:11 0:42 0:00
Nick Bjugstad 0 1 1 1 0 2 1 0 1 0 6/12 14:07 0:00 1:47
Nolan Patrick 0 1 1 1 0 2 1 0 1 0 5/10 12:11 0:00 0:38
Oliver Kylington 0 0 0 1 2 0 0 0 0 0 0/0 13:24 0:00 1:20
Pat Maroon 1 0 1 1 0 2 1 1 0 1 0/0 12:36 0:00 0:47
Rasmus Ristolainen 0 1 1 0 0 0 0 0 0 0 0/0 22:39 0:42 2:35
Riley Nash 0 0 0 0 2 3 0 1 0 0 12/20 18:38 0:52 4:25
Ryan Carpenter 0 0 0 0 0 1 1 0 0 2 1/2 15:19 0:00 3:17
Sam Gagner 1 0 1 2 0 2 0 0 0 0 0/0 15:16 1:07 3:17
Thomas Novak 1 0 1 2 0 1 1 0 0 0 3/13 11:59 1:07 0:00
Players Stats for St.Louis Blues
Player Name G A P +/- PIM S H SB GA TA FO MP PP MP PK MP
------------------------------------------------------------------------------------
Adam Pelech 0 0 0 -2 0 2 3 0 0 2 0/0 17:10 0:00 1:13
Alex DeBrincat 0 0 0 -2 0 1 3 2 1 0 1/1 22:39 5:44 0:13
Alex Pietrangelo 0 0 0 -2 0 2 2 3 0 0 0/0 26:00 5:44 0:00
Alex Tuch 0 1 1 -1 0 4 2 1 1 0 1/1 17:15 4:25 0:00
Andrew Copp 0 0 0 0 0 0 1 1 0 0 3/3 11:31 0:00 1:17
Colton Parayko 0 0 0 -2 0 1 0 2 0 0 0/0 25:23 4:11 0:46
Danny DeKeyser 0 0 0 0 0 0 1 2 0 0 0/0 11:45 0:00 0:46
Elias Pettersson 0 0 0 -2 2 3 0 1 2 1 16/32 21:39 5:30 0:00
Evander Kane 0 1 1 0 0 0 3 0 1 0 1/1 15:07 4:11 0:00
Jack Eichel 1 0 1 0 0 5 1 0 0 0 2/3 14:47 4:25 0:00
Jake Guentzel 0 0 0 -2 0 5 2 0 2 2 1/2 21:33 5:30 0:00
Jonas Brodin 0 0 0 -2 0 0 0 0 0 0 0/0 17:10 0:00 1:13
Niko Mikkola 0 0 0 0 0 1 1 2 0 0 0/0 10:59 0:00 0:00
Ondrej Kase 0 0 0 -1 0 3 1 0 0 1 0/0 9:28 0:00 0:29
Robert Thomas 0 0 0 -1 0 5 0 0 1 1 8/17 18:15 5:30 0:00
Sean Kuraly 0 0 0 -1 0 2 0 0 0 0 0/1 9:28 0:00 0:29
Tage Thompson 0 0 0 -1 0 1 1 1 0 0 0/2 17:28 4:25 0:13
Yanni Gourde 0 0 0 -1 0 2 1 0 0 0 0/0 10:23 0:00 1:17
3 Stars
1 - Robin Lehner (NSH)
2 - Corey Perry (NSH)
3 - Thomas Novak (NSH)
Power Play
Nashville Predators - 0 on 1 Attempt(s) - 0.00%
St.Louis Blues - 0 on 5 Attempt(s) - 0.00%
Penalty Kill
Nashville Predators - 5 on 5 Attempt(s) - 100.00%
- Score 0 goal in Penalty Kill
St.Louis Blues - 1 on 1 Attempt(s) - 100.00%
- Score 0 goal in Penalty Kill
Team Stat
Nashville Predators - Hits : 15 - Faceoff Wins : 30 - Blocked Shots : 11 - Penalty Minutes : 10
St.Louis Blues - Hits : 22 - Faceoff Wins : 33 - Blocked Shots : 15 - Penalty Minutes : 2
Official
Referees : Dave Jackson and Kendrick Nicholson
Linesman : Ryan Galloway and Derek Amell
Game Notes
Frederik Andersen enters game at 3:28 of 2nd period
Finance
Level 1 -- Attendance: 6000 (100.00%) -- Ticket Income $582,000
Level 2 -- Attendance: 4892 (97.84%) -- Ticket Income $278,844
Level 3 -- Attendance: 2762 (92.07%) -- Ticket Income $93,908
Level 4 -- Attendance: 4716 (94.32%) -- Ticket Income $108,468
Luxury Box -- Attendance: 1000 (100.00%) -- Ticket Income $194,000
Game was played at the Scottrade Center.
Total Attendance: 19370 (96.85%)
Total Ticket Income: $1,257,220
Other Income: $440,027
Total Income: $1,697,247
Nashville Predators
5 vs 5 Forward
Center Left Wing Right Wing Time % Phy DF OF
1 Thomas Novak Brandon Saad Sam Gagner 26 1 2 2
2 Riley Nash Loui Eriksson Ryan Carpenter 25 1 2 2
3 Nick Bjugstad Janne Kuokkanen Corey Perry 25 1 2 2
4 Nolan Patrick Pat Maroon Oliver Kylington 24 1 2 2
5 vs 5 Defense
Defense Defense Time % Phy DF OF
1 Cale Makar Rasmus Ristolainen 40 1 2 2
2 Nate Schmidt Justin Braun 30 1 2 2
3 Bowen Byram Jake Muzzin 20 1 2 2
4 Jake Muzzin Justin Braun 10 1 2 2
PowerPlay Forward
Center Left Wing Right Wing Time % Phy DF OF
1 Thomas Novak Brandon Saad Sam Gagner 60 1 2 2
2 Riley Nash Janne Kuokkanen Corey Perry 40 1 2 2
PowerPlay Defense
Defense Defense Time % Phy DF OF
1 Bowen Byram Cale Makar 60 1 2 2
2 Nate Schmidt Rasmus Ristolainen 40 1 2 2
Penalty Kill 4 Players Forward
Center Wing Time % Phy DF OF
1 Riley Nash Brandon Saad 60 1 2 2
2 Ryan Carpenter Sam Gagner 40 1 2 2
Penalty Kill 4 Players Defense
Defense Defense Time % Phy DF OF
1 Jake Muzzin Justin Braun 60 1 2 2
2 Rasmus Ristolainen Cale Makar 40 1 2 2
Penalty Kill - 3 Players Forward
Forward Time % Phy DF OF
1 Riley Nash 60 1 2 2
2 Ryan Carpenter 40 1 2 2
Penalty Kill - 3 Players Defense
Defense Defense Time % Phy DF OF
1 Jake Muzzin Justin Braun 60 1 2 2
2 Rasmus Ristolainen Cale Makar 40 1 2 2
4 vs 4 Forward
Center Wing Time % Phy DF OF
1 Riley Nash Corey Perry 60 1 2 2
2 Ryan Carpenter Sam Gagner 40 1 2 2
4 vs 4 Defense
Defense Defense Time % Phy DF OF
1 Cale Makar Bowen Byram 60 1 2 2
2 Rasmus Ristolainen Nate Schmidt 40 1 2 2
Last Minutes Offensive
Center Left Wing Right Wing Defense Defense
Sam Gagner Brandon Saad Corey Perry Bowen Byram Cale Makar
Last Minutes Defensive
Center Left Wing Right Wing Defense Defense
Sam Gagner Brandon Saad Corey Perry Jake Muzzin Justin Braun
Goaltenders
Starting : Robin Lehner
Backup : Anthony Stolarz
Extra Forwards
Normal : Nolan Patrick, Thomas Novak, Nick Bjugstad - PP : Janne Kuokkanen, Thomas Novak - PK : Nick Bjugstad
Extra Defensemen
Normal : Cale Makar, Jake Muzzin, Rasmus Ristolainen - PP : Cale Makar - PK : Jake Muzzin, Justin Braun
Penalty Shots
Brandon Saad, Corey Perry, Sam Gagner, Pat Maroon, Ryan Carpenter
St.Louis Blues
5 vs 5 Forward
Center Left Wing Right Wing Time % Phy DF OF
1 Elias Pettersson Alex DeBrincat Jake Guentzel 40 0 2 3
2 Robert Thomas Alex Tuch Tage Thompson 30 0 2 3
3 Jack Eichel Evander Kane Andrew Copp 20 1 2 2
4 Sean Kuraly Yanni Gourde Ondrej Kase 10 1 3 1
5 vs 5 Defense
Defense Defense Time % Phy DF OF
1 Alex Pietrangelo Colton Parayko 40 1 2 2
2 Adam Pelech Jonas Brodin 30 1 2 2
3 Danny DeKeyser Niko Mikkola 20 1 2 2
4 Alex Pietrangelo Colton Parayko 10 1 2 2
PowerPlay Forward
Center Left Wing Right Wing Time % Phy DF OF
1 Robert Thomas Elias Pettersson Jake Guentzel 60 1 0 4
2 Jack Eichel Alex Tuch Tage Thompson 40 1 0 4
PowerPlay Defense
Defense Defense Time % Phy DF OF
1 Alex DeBrincat Alex Pietrangelo 60 0 1 4
2 Colton Parayko Evander Kane 40 0 1 4
Penalty Kill 4 Players Forward
Center Wing Time % Phy DF OF
1 Andrew Copp Yanni Gourde 60 0 5 0
2 Sean Kuraly Ondrej Kase 40 0 5 0
Penalty Kill 4 Players Defense
Defense Defense Time % Phy DF OF
1 Adam Pelech Jonas Brodin 60 1 4 0
2 Danny DeKeyser Colton Parayko 40 1 4 0
Penalty Kill - 3 Players Forward
Forward Time % Phy DF OF
1 Andrew Copp 60 0 5 0
2 Yanni Gourde 40 0 5 0
Penalty Kill - 3 Players Defense
Defense Defense Time % Phy DF OF
1 Adam Pelech Jonas Brodin 60 0 5 0
2 Danny DeKeyser Colton Parayko 40 0 5 0
4 vs 4 Forward
Center Wing Time % Phy DF OF
1 Elias Pettersson Jake Guentzel 60 0 2 3
2 Robert Thomas Alex Tuch 40 0 2 3
4 vs 4 Defense
Defense Defense Time % Phy DF OF
1 Alex Pietrangelo Colton Parayko 60 0 3 2
2 Jonas Brodin Adam Pelech 40 0 3 2
Last Minutes Offensive
Center Left Wing Right Wing Defense Defense
Robert Thomas Elias Pettersson Jake Guentzel Alex Tuch Alex Pietrangelo
Last Minutes Defensive
Center Left Wing Right Wing Defense Defense
Andrew Copp Sean Kuraly Yanni Gourde Colton Parayko Alex Pietrangelo
Goaltenders
Starting : Connor Hellebuyck
Backup : Frederik Andersen
Extra Forwards
Normal : Tage Thompson, Evander Kane, Sean Kuraly - PP : Alex DeBrincat, Jack Eichel - PK : Tage Thompson
Extra Defensemen
Normal : Jonas Brodin, Colton Parayko, Adam Pelech - PP : Colton Parayko - PK : Colton Parayko, Alex Pietrangelo
Penalty Shots
Tage Thompson, Alex DeBrincat, Elias Pettersson, Alex Tuch, Andrew Copp
% Time on Ice - Nashville Predators
Lines # - Real PCT - Wanted PCT - Time Play
Normal Forward
1 - 26% - 26% - 12:33
2 - 25% - 25% - 12:02
3 - 25% - 25% - 11:58
4 - 24% - 24% - 11:33
Normal Defense
1 - 43% - 40% - 20:51
2 - 30% - 30% - 14:38
3 - 19% - 20% - 9:20
4 - 7% - 10% - 3:17
PP Forward
1 - 56% - 60% - 1:07
2 - 44% - 40% - 0:52
PP Defense
1 - 65% - 60% - 1:17
2 - 35% - 40% - 0:42
PK Forward
1 - 67% - 60% - 6:38
2 - 33% - 40% - 3:17
PK Defense
1 - 74% - 60% - 7:20
2 - 26% - 40% - 2:35
PK3 Forward
1 - 0% - 60%
2 - 0% - 40%
PK3 Defense
1 - 0% - 60%
2 - 0% - 40%
44 Forward
1 - 0% - 60%
2 - 0% - 40%
44 Defense
1 - 0% - 60%
2 - 0% - 40%
Last Minute Offensive - 0:00
Last Minute Defensive - 0:00
Total
Forward - 60:00
Defense - 60:00
|
% Time on Ice - St.Louis Blues
Lines # - Real PCT - Wanted PCT - Time Play
Normal Forward
1 - 34% - 40% - 16:10
2 - 27% - 30% - 12:50
3 - 21% - 20% - 10:07
4 - 19% - 10% - 8:59
Normal Defense
1 - 40% - 40% - 19:19
2 - 35% - 30% - 16:44
3 - 23% - 20% - 10:59
4 - 2% - 10% - 1:04
PP Forward
1 - 55% - 60% - 5:30
2 - 45% - 40% - 4:25
PP Defense
1 - 58% - 60% - 5:44
2 - 42% - 40% - 4:11
PK Forward
1 - 76% - 60% - 1:30
2 - 24% - 40% - 0:29
PK Defense
1 - 61% - 60% - 1:13
2 - 39% - 40% - 0:46
PK3 Forward
1 - 0% - 60%
2 - 0% - 40%
PK3 Defense
1 - 0% - 60%
2 - 0% - 40%
44 Forward
1 - 0% - 60%
2 - 0% - 40%
44 Defense
1 - 0% - 60%
2 - 0% - 40%
Last Minute Offensive - 0:00
Last Minute Defensive - 0:00
Total
Forward - 60:00
Defense - 60:00
|
Play-by-Play
1st period
0:01 of 1st period - Elias Pettersson wins face-off versus Thomas Novak in neutral zone.
1:48 of 1st period - Brandon Saad is hit by Niko Mikkola and loses puck.
2:16 of 1st period - Wrist shot by Brandon Saad.
2:16 of 1st period - Shot Blocked by Colton Parayko.
2:18 of 1st period - Wrist shot by Brandon Saad.
2:18 of 1st period - Shot Blocked by Colton Parayko.
2:20 of 1st period - Snap shot by Sam Gagner.
2:20 of 1st period - Stopped by Connor Hellebuyck without a rebound.
2:21 of 1st period - Elias Pettersson wins face-off versus Riley Nash in St.Louis Blues zone.
2:28 of 1st period - Snap shot by Jake Guentzel.
2:28 of 1st period - Shot Blocked by Loui Eriksson.
2:30 of 1st period - Snap shot by Alex DeBrincat.
2:30 of 1st period - Shot Misses the Net.
2:32 of 1st period - Wrist shot by Jake Guentzel.
2:32 of 1st period - Stopped by Robin Lehner with a rebound.
2:34 of 1st period - Slapshot by Danny DeKeyser.
2:34 of 1st period - Shot Blocked by Loui Eriksson.
2:36 of 1st period - Snap shot by Jake Guentzel.
2:36 of 1st period - Stopped by Robin Lehner with a rebound.
2:38 of 1st period - Snap shot by Niko Mikkola.
2:38 of 1st period - Stopped by Robin Lehner with a rebound.
2:44 of 1st period - Minor Penalty to Riley Nash for Tripping.
2:45 of 1st period - Nick Bjugstad wins face-off versus Elias Pettersson in Nashville Predators zone.
2:58 of 1st period - Snap shot by Elias Pettersson.
2:58 of 1st period - Shot Misses the Net.
3:00 of 1st period - Snap shot by Robert Thomas.
3:00 of 1st period - Stopped by Robin Lehner without a rebound.
3:01 of 1st period - Nick Bjugstad wins face-off versus Elias Pettersson in Nashville Predators zone.
3:10 of 1st period - Nick Bjugstad is hit by Jake Guentzel and loses puck.
3:56 of 1st period - Rasmus Ristolainen is hit by Evander Kane and loses puck.
4:44 of 1st period - Penalty to Riley Nash is over, Riley Nash is back on ice.
5:56 of 1st period - Yanni Gourde is hit by Thomas Novak and loses puck.
7:11 of 1st period - Thomas Novak is hit by Adam Pelech and loses puck.
8:02 of 1st period - Off-side.
8:03 of 1st period - Jack Eichel wins face-off versus Riley Nash in neutral zone.
8:37 of 1st period - Nick Bjugstad is hit by Tage Thompson and loses puck.
8:56 of 1st period - Snap shot by Nolan Patrick.
8:56 of 1st period - Stopped by Connor Hellebuyck with a rebound.
9:52 of 1st period - Wrist shot by Corey Perry.
9:52 of 1st period - Stopped by Connor Hellebuyck with a rebound.
10:39 of 1st period - Wrist shot by Thomas Novak.
10:39 of 1st period - Shot Blocked by Niko Mikkola.
11:18 of 1st period - Snap shot by Evander Kane.
11:18 of 1st period - Shot Misses the Net.
11:20 of 1st period - Snap shot by Jack Eichel.
11:20 of 1st period - Goal by Jack Eichel - Nashville Predators : 0 - St.Louis Blues : 1.
11:21 of 1st period - Nolan Patrick wins face-off versus Jake Guentzel in neutral zone.
11:48 of 1st period - Colton Parayko is hit by Nick Bjugstad and loses puck.
11:55 of 1st period - Snap shot by Nick Bjugstad.
11:55 of 1st period - Deflect By Corey Perry.
11:55 of 1st period - Goal by Corey Perry - Nashville Predators : 1 - St.Louis Blues : 1.
11:56 of 1st period - Riley Nash wins face-off versus Elias Pettersson in neutral zone.
12:05 of 1st period - Slapshot by Riley Nash.
12:05 of 1st period - Stopped by Connor Hellebuyck with a rebound.
12:29 of 1st period - Icing by Nick Bjugstad.
12:30 of 1st period - Robert Thomas wins face-off versus Nick Bjugstad in Nashville Predators zone.
12:45 of 1st period - Slapshot by Corey Perry.
12:45 of 1st period - Stopped by Connor Hellebuyck without a rebound.
12:46 of 1st period - Elias Pettersson wins face-off versus Thomas Novak in St.Louis Blues zone.
12:57 of 1st period - Slapshot by Brandon Saad.
12:57 of 1st period - Shot Misses the Net.
13:03 of 1st period - Snap shot by Jake Guentzel.
13:03 of 1st period - Shot Misses the Net.
14:07 of 1st period - Snap shot by Corey Perry.
14:07 of 1st period - Goal by Corey Perry - Nashville Predators : 2 - St.Louis Blues : 1.
14:08 of 1st period - Elias Pettersson wins face-off versus Nolan Patrick in neutral zone.
14:35 of 1st period - Sam Gagner is hit by Alex Tuch and loses puck.
14:44 of 1st period - Snap shot by Brandon Saad.
14:44 of 1st period - Shot Hit the Post.
15:03 of 1st period - Snap shot by Ryan Carpenter.
15:03 of 1st period - Shot Misses the Net.
15:44 of 1st period - Slapshot by Brandon Saad.
15:44 of 1st period - Stopped by Connor Hellebuyck without a rebound.
15:45 of 1st period - Elias Pettersson wins face-off versus Nolan Patrick in St.Louis Blues zone.
16:42 of 1st period - Nate Schmidt is hit by Danny DeKeyser and loses puck.
16:47 of 1st period - Snap shot by Evander Kane.
16:47 of 1st period - Shot Blocked by Nate Schmidt.
17:05 of 1st period - Slapshot by Ondrej Kase.
17:05 of 1st period - Stopped by Robin Lehner with a rebound.
17:07 of 1st period - Slapshot by Adam Pelech.
17:07 of 1st period - Stopped by Robin Lehner without a rebound.
17:08 of 1st period - Nick Bjugstad wins face-off versus Sean Kuraly in Nashville Predators zone.
17:19 of 1st period - Slapshot by Yanni Gourde.
17:19 of 1st period - Shot Blocked by Janne Kuokkanen.
17:21 of 1st period - Slapshot by Yanni Gourde.
17:21 of 1st period - Stopped by Robin Lehner without a rebound.
17:22 of 1st period - Elias Pettersson wins face-off versus Riley Nash in Nashville Predators zone.
17:44 of 1st period - Alex DeBrincat is hit by Ryan Carpenter and loses puck.
18:06 of 1st period - Minor Penalty to Elias Pettersson for High sticking.
18:07 of 1st period - Andrew Copp wins face-off versus Thomas Novak in St.Louis Blues zone.
18:07 of 1st period - Andrew Copp is hit by Cale Makar.
18:35 of 1st period - Icing by Cale Makar.
18:36 of 1st period - Andrew Copp wins face-off versus Corey Perry in Nashville Predators zone.
19:09 of 1st period - Ondrej Kase is hit by Bowen Byram and loses puck.
19:56 of 1st period - Rasmus Ristolainen is hit by Ondrej Kase and loses puck.
Goals for this period are 2 for Nashville Predators vs 1 for St.Louis Blues.
Shots for this period are 8 for Nashville Predators vs 8 for St.Louis Blues.
2nd period
0:01 of 2nd period - Andrew Copp wins face-off versus Thomas Novak in neutral zone.
0:06 of 2nd period - Penalty to Elias Pettersson is over, Elias Pettersson is back on ice.
0:10 of 2nd period - Backhand shot by Cale Makar.
0:10 of 2nd period - Stopped by Connor Hellebuyck with a rebound.
0:12 of 2nd period - Snap shot by Thomas Novak.
0:12 of 2nd period - Deflect By Brandon Saad.
0:12 of 2nd period - Stopped by Connor Hellebuyck without a rebound.
0:13 of 2nd period - Corey Perry wins face-off versus Elias Pettersson in St.Louis Blues zone.
0:14 of 2nd period - Snap shot by Janne Kuokkanen.
0:14 of 2nd period - Stopped by Connor Hellebuyck without a rebound.
0:15 of 2nd period - Elias Pettersson wins face-off versus Nick Bjugstad in St.Louis Blues zone.
0:46 of 2nd period - Snap shot by Robert Thomas.
0:46 of 2nd period - Stopped by Robin Lehner without a rebound.
0:47 of 2nd period - Robert Thomas wins face-off versus Nolan Patrick in Nashville Predators zone.
0:48 of 2nd period - Wrist shot by Alex Tuch.
0:48 of 2nd period - Stopped by Robin Lehner without a rebound.
0:49 of 2nd period - Nolan Patrick wins face-off versus Robert Thomas in Nashville Predators zone.
1:16 of 2nd period - Slapshot by Brandon Saad.
1:16 of 2nd period - Stopped by Connor Hellebuyck with a rebound.
1:18 of 2nd period - Slapshot by Rasmus Ristolainen.
1:18 of 2nd period - Shot Blocked by Elias Pettersson.
1:20 of 2nd period - Snap shot by Sam Gagner.
1:20 of 2nd period - Goal by Sam Gagner - Nashville Predators : 3 - St.Louis Blues : 1.
1:21 of 2nd period - Elias Pettersson wins face-off versus Nick Bjugstad in neutral zone.
1:32 of 2nd period - Snap shot by Corey Perry.
1:32 of 2nd period - Shot Blocked by Alex Pietrangelo.
1:34 of 2nd period - Wrist shot by Nick Bjugstad.
1:34 of 2nd period - Stopped by Connor Hellebuyck without a rebound.
1:35 of 2nd period - Elias Pettersson wins face-off versus Thomas Novak in St.Louis Blues zone.
1:40 of 2nd period - Wrist shot by Colton Parayko.
1:40 of 2nd period - Shot Misses the Net.
2:24 of 2nd period - Janne Kuokkanen is hit by Evander Kane and loses puck.
2:29 of 2nd period - Wrist shot by Andrew Copp.
2:29 of 2nd period - Shot Hit the Post.
3:11 of 2nd period - Wrist shot by Nolan Patrick.
3:11 of 2nd period - Shot Misses the Net.
3:13 of 2nd period - Wrist shot by Oliver Kylington.
3:13 of 2nd period - Shot Misses the Net.
3:15 of 2nd period - Snap shot by Cale Makar.
3:15 of 2nd period - Stopped by Connor Hellebuyck without a rebound.
3:16 of 2nd period - Elias Pettersson wins face-off versus Thomas Novak in St.Louis Blues zone.
3:16 of 2nd period - Elias Pettersson is hit by Justin Braun.
3:28 of 2nd period - Snap shot by Thomas Novak.
3:28 of 2nd period - Goal by Thomas Novak - Nashville Predators : 4 - St.Louis Blues : 1.
3:28 of 2nd period - Frederik Andersen enters game.
3:29 of 2nd period - Nick Bjugstad wins face-off versus Elias Pettersson in neutral zone.
3:39 of 2nd period - Minor Penalty to Nate Schmidt for Cross-checking.
3:40 of 2nd period - Riley Nash wins face-off versus Robert Thomas in Nashville Predators zone.
3:52 of 2nd period - Snap shot by Robert Thomas.
3:52 of 2nd period - Deflect By Riley Nash.
3:52 of 2nd period - Shot Misses the Net.
3:52 of 2nd period - Puck is out of play.
3:53 of 2nd period - Elias Pettersson wins face-off versus Riley Nash in Nashville Predators zone.
4:02 of 2nd period - Wrist shot by Robert Thomas.
4:02 of 2nd period - Shot Misses the Net.
4:04 of 2nd period - Slapshot by Alex Pietrangelo.
4:04 of 2nd period - Deflect By Brandon Saad.
4:04 of 2nd period - Stopped by Robin Lehner with a rebound.
4:06 of 2nd period - Slapshot by Alex DeBrincat.
4:06 of 2nd period - Deflect By Elias Pettersson.
4:06 of 2nd period - Stopped by Robin Lehner with a rebound.
4:08 of 2nd period - Slapshot by Alex DeBrincat.
4:08 of 2nd period - Deflect By Elias Pettersson.
4:08 of 2nd period - Shot Misses the Net.
4:08 of 2nd period - Puck is out of play.
4:09 of 2nd period - Riley Nash wins face-off versus Robert Thomas in Nashville Predators zone.
4:20 of 2nd period - Riley Nash is hit by Jake Guentzel and loses puck.
5:39 of 2nd period - Penalty to Nate Schmidt is over, Nate Schmidt is back on ice.
5:52 of 2nd period - Nate Schmidt is hit by Yanni Gourde.
5:56 of 2nd period - Snap shot by Riley Nash.
5:56 of 2nd period - Shot Blocked by Alex Pietrangelo.
6:28 of 2nd period - Snap shot by Sean Kuraly.
6:28 of 2nd period - Stopped by Robin Lehner with a rebound.
6:30 of 2nd period - Slapshot by Adam Pelech.
6:30 of 2nd period - Deflect By Brandon Saad.
6:30 of 2nd period - Stopped by Robin Lehner without a rebound.
6:31 of 2nd period - Nick Bjugstad wins face-off versus Robert Thomas in Nashville Predators zone.
6:33 of 2nd period - Icing by Janne Kuokkanen.
6:34 of 2nd period - Nick Bjugstad wins face-off versus Tage Thompson in Nashville Predators zone.
6:50 of 2nd period - Slapshot by Robert Thomas.
6:50 of 2nd period - Stopped by Robin Lehner with a rebound.
7:07 of 2nd period - Off-side.
7:08 of 2nd period - Nolan Patrick wins face-off versus Elias Pettersson in neutral zone.
7:35 of 2nd period - Alex Pietrangelo is hit by Janne Kuokkanen and loses puck.
7:58 of 2nd period - Wrist shot by Yanni Gourde.
7:58 of 2nd period - Stopped by Robin Lehner without a rebound.
7:59 of 2nd period - Elias Pettersson wins face-off versus Riley Nash in Nashville Predators zone.
8:00 of 2nd period - Wrist shot by Alex DeBrincat.
8:00 of 2nd period - Stopped by Robin Lehner without a rebound.
8:01 of 2nd period - Riley Nash wins face-off versus Elias Pettersson in Nashville Predators zone.
8:03 of 2nd period - Minor Penalty to Justin Braun for Charging.
8:04 of 2nd period - Riley Nash wins face-off versus Robert Thomas in Nashville Predators zone.
8:12 of 2nd period - Slapshot by Alex DeBrincat.
8:12 of 2nd period - Deflect By Elias Pettersson.
8:12 of 2nd period - Stopped by Robin Lehner without a rebound.
8:13 of 2nd period - Robert Thomas wins face-off versus Riley Nash in Nashville Predators zone.
8:28 of 2nd period - Wrist shot by Elias Pettersson.
8:28 of 2nd period - Stopped by Robin Lehner with a rebound.
8:30 of 2nd period - Slapshot by Alex Pietrangelo.
8:30 of 2nd period - Stopped by Robin Lehner with a rebound.
8:32 of 2nd period - Wrist shot by Jake Guentzel.
8:32 of 2nd period - Stopped by Robin Lehner without a rebound.
8:33 of 2nd period - Riley Nash wins face-off versus Tage Thompson in Nashville Predators zone.
10:03 of 2nd period - Penalty to Justin Braun is over, Justin Braun is back on ice.
10:30 of 2nd period - Andrew Copp is hit by Pat Maroon and loses puck.
13:05 of 2nd period - Wrist shot by Brandon Saad.
13:05 of 2nd period - Stopped by Frederik Andersen without a rebound.
13:06 of 2nd period - Alex Tuch wins face-off versus Nolan Patrick in St.Louis Blues zone.
13:11 of 2nd period - Slapshot by Alex Pietrangelo.
13:11 of 2nd period - Shot Blocked by Nate Schmidt.
13:13 of 2nd period - Snap shot by Alex Tuch.
13:13 of 2nd period - Stopped by Robin Lehner without a rebound.
13:14 of 2nd period - Nolan Patrick wins face-off versus Elias Pettersson in Nashville Predators zone.
13:16 of 2nd period - Minor Penalty to Oliver Kylington for Kneeing.
13:17 of 2nd period - Riley Nash wins face-off versus Robert Thomas in Nashville Predators zone.
13:26 of 2nd period - Riley Nash is hit by Alex Pietrangelo and loses puck.
13:56 of 2nd period - Icing by Alex Tuch.
13:57 of 2nd period - Ryan Carpenter wins face-off versus Jack Eichel in St.Louis Blues zone.
14:41 of 2nd period - Slapshot by Cale Makar.
14:41 of 2nd period - Shot Blocked by Tage Thompson.
14:49 of 2nd period - Ryan Carpenter is hit by Alex Tuch and loses puck.
14:54 of 2nd period - Wrist shot by Jack Eichel.
14:54 of 2nd period - Stopped by Robin Lehner with a rebound.
14:56 of 2nd period - Backhand shot by Jack Eichel.
14:56 of 2nd period - Deflect By Alex Tuch.
14:56 of 2nd period - Stopped by Robin Lehner with a rebound.
14:58 of 2nd period - Wrist shot by Jack Eichel.
14:58 of 2nd period - Stopped by Robin Lehner without a rebound.
14:59 of 2nd period - Riley Nash wins face-off versus Robert Thomas in Nashville Predators zone.
15:16 of 2nd period - Penalty to Oliver Kylington is over, Oliver Kylington is back on ice.
15:46 of 2nd period - Adam Pelech is hit by Janne Kuokkanen.
15:54 of 2nd period - Slapshot by Janne Kuokkanen.
15:54 of 2nd period - Stopped by Frederik Andersen with a rebound.
17:10 of 2nd period - Snap shot by Elias Pettersson.
17:10 of 2nd period - Shot Blocked by Pat Maroon.
17:12 of 2nd period - Snap shot by Jake Guentzel.
17:12 of 2nd period - Stopped by Robin Lehner with a rebound.
17:14 of 2nd period - Snap shot by Jake Guentzel.
17:14 of 2nd period - Shot Blocked by Bowen Byram.
17:16 of 2nd period - Wrist shot by Jake Guentzel.
17:16 of 2nd period - Stopped by Robin Lehner with a rebound.
18:37 of 2nd period - Icing by Nate Schmidt.
18:38 of 2nd period - Evander Kane wins face-off versus Riley Nash in Nashville Predators zone.
19:25 of 2nd period - Wrist shot by Colton Parayko.
19:25 of 2nd period - Stopped by Robin Lehner without a rebound.
19:26 of 2nd period - Riley Nash wins face-off versus Elias Pettersson in Nashville Predators zone.
19:26 of 2nd period - Riley Nash is hit by Alex DeBrincat.
Goals for this period are 2 for Nashville Predators vs 0 for St.Louis Blues.
Shots for this period are 10 for Nashville Predators vs 20 for St.Louis Blues.
3rd period
0:01 of 3rd period - Elias Pettersson wins face-off versus Loui Eriksson in neutral zone.
0:12 of 3rd period - Justin Braun is hit by Alex Pietrangelo and loses puck.
0:27 of 3rd period - Tage Thompson is hit by Corey Perry and loses puck.
0:59 of 3rd period - Snap shot by Cale Makar.
0:59 of 3rd period - Shot Blocked by Andrew Copp.
1:01 of 3rd period - Slapshot by Cale Makar.
1:01 of 3rd period - Stopped by Frederik Andersen without a rebound.
1:02 of 3rd period - Elias Pettersson wins face-off versus Ryan Carpenter in St.Louis Blues zone.
1:17 of 3rd period - Wrist shot by Ryan Carpenter.
1:17 of 3rd period - Deflect By Riley Nash.
1:17 of 3rd period - Shot Blocked by Danny DeKeyser.
1:17 of 3rd period - Puck is out of play.
1:18 of 3rd period - Robert Thomas wins face-off versus Nolan Patrick in St.Louis Blues zone.
2:02 of 3rd period - Jack Eichel is hit by Nolan Patrick and loses puck.
2:25 of 3rd period - Slapshot by Nolan Patrick.
2:25 of 3rd period - Stopped by Frederik Andersen with a rebound.
2:27 of 3rd period - Snap shot by Nolan Patrick.
2:27 of 3rd period - Shot Misses the Net.
2:29 of 3rd period - Wrist shot by Nolan Patrick.
2:29 of 3rd period - Deflect By Pat Maroon.
2:29 of 3rd period - Goal by Pat Maroon - Nashville Predators : 5 - St.Louis Blues : 1.
2:30 of 3rd period - Riley Nash wins face-off versus Elias Pettersson in neutral zone.
2:58 of 3rd period - Slapshot by Robert Thomas.
2:58 of 3rd period - Stopped by Robin Lehner without a rebound.
2:59 of 3rd period - Robert Thomas wins face-off versus Nick Bjugstad in Nashville Predators zone.
3:08 of 3rd period - Slapshot by Robert Thomas.
3:08 of 3rd period - Stopped by Robin Lehner without a rebound.
3:09 of 3rd period - Thomas Novak wins face-off versus Elias Pettersson in Nashville Predators zone.
3:09 of 3rd period - Thomas Novak is hit by Adam Pelech.
3:31 of 3rd period - Minor Penalty to Justin Braun for Holding.
3:32 of 3rd period - Brandon Saad wins face-off versus Elias Pettersson in Nashville Predators zone.
4:02 of 3rd period - Alex DeBrincat is hit by Cale Makar and loses puck.
5:10 of 3rd period - Nolan Patrick is hit by Alex DeBrincat and loses puck.
5:31 of 3rd period - Penalty to Justin Braun is over, Justin Braun is back on ice.
5:40 of 3rd period - Wrist shot by Pat Maroon.
5:40 of 3rd period - Stopped by Frederik Andersen with a rebound.
6:14 of 3rd period - Adam Pelech is hit by Brandon Saad and loses puck.
6:56 of 3rd period - Icing by Rasmus Ristolainen.
6:57 of 3rd period - Robert Thomas wins face-off versus Corey Perry in Nashville Predators zone.
7:00 of 3rd period - Slapshot by Alex Tuch.
7:00 of 3rd period - Stopped by Robin Lehner without a rebound.
7:01 of 3rd period - Riley Nash wins face-off versus Robert Thomas in Nashville Predators zone.
7:06 of 3rd period - Slapshot by Justin Braun.
7:06 of 3rd period - Shot Misses the Net.
7:29 of 3rd period - Slapshot by Elias Pettersson.
7:29 of 3rd period - Deflect By Alex DeBrincat.
7:29 of 3rd period - Shot Misses the Net.
7:29 of 3rd period - Puck is out of play.
7:30 of 3rd period - Janne Kuokkanen wins face-off versus Elias Pettersson in Nashville Predators zone.
7:53 of 3rd period - Snap shot by Janne Kuokkanen.
7:53 of 3rd period - Shot Blocked by Alex DeBrincat.
7:55 of 3rd period - Snap shot by Nate Schmidt.
7:55 of 3rd period - Shot Misses the Net.
7:57 of 3rd period - Slapshot by Justin Braun.
7:57 of 3rd period - Deflect By Corey Perry.
7:57 of 3rd period - Stopped by Frederik Andersen without a rebound.
7:58 of 3rd period - Riley Nash wins face-off versus Robert Thomas in St.Louis Blues zone.
7:59 of 3rd period - Wrist shot by Loui Eriksson.
7:59 of 3rd period - Shot Misses the Net.
8:32 of 3rd period - Snap shot by Justin Braun.
8:32 of 3rd period - Shot Misses the Net.
8:34 of 3rd period - Wrist shot by Riley Nash.
8:34 of 3rd period - Stopped by Frederik Andersen with a rebound.
8:50 of 3rd period - Snap shot by Loui Eriksson.
8:50 of 3rd period - Shot Misses the Net.
8:52 of 3rd period - Slapshot by Justin Braun.
8:52 of 3rd period - Shot Blocked by Niko Mikkola.
8:54 of 3rd period - Slapshot by Ryan Carpenter.
8:54 of 3rd period - Deflect By Riley Nash.
8:54 of 3rd period - Stopped by Frederik Andersen without a rebound.
8:55 of 3rd period - Elias Pettersson wins face-off versus Thomas Novak in St.Louis Blues zone.
9:01 of 3rd period - Icing by Alex Pietrangelo.
9:02 of 3rd period - Thomas Novak wins face-off versus Elias Pettersson in St.Louis Blues zone.
9:09 of 3rd period - Snap shot by Brandon Saad.
9:09 of 3rd period - Stopped by Frederik Andersen without a rebound.
9:10 of 3rd period - Alex DeBrincat wins face-off versus Nick Bjugstad in St.Louis Blues zone.
9:37 of 3rd period - Rasmus Ristolainen is hit by Andrew Copp and loses puck.
10:22 of 3rd period - Slapshot by Jake Guentzel.
10:22 of 3rd period - Shot Blocked by Nate Schmidt.
10:45 of 3rd period - Snap shot by Ondrej Kase.
10:45 of 3rd period - Stopped by Robin Lehner with a rebound.
10:47 of 3rd period - Slapshot by Danny DeKeyser.
10:47 of 3rd period - Shot Blocked by Riley Nash.
11:07 of 3rd period - Wrist shot by Jack Eichel.
11:07 of 3rd period - Stopped by Robin Lehner with a rebound.
11:21 of 3rd period - Snap shot by Nolan Patrick.
11:21 of 3rd period - Shot Misses the Net.
11:48 of 3rd period - Wrist shot by Ondrej Kase.
11:48 of 3rd period - Stopped by Robin Lehner with a rebound.
11:52 of 3rd period - Snap shot by Ondrej Kase.
11:52 of 3rd period - Shot Blocked by Bowen Byram.
11:54 of 3rd period - Wrist shot by Sean Kuraly.
11:54 of 3rd period - Stopped by Robin Lehner without a rebound.
11:55 of 3rd period - Jake Guentzel wins face-off versus Thomas Novak in Nashville Predators zone.
11:58 of 3rd period - Snap shot by Alex DeBrincat.
11:58 of 3rd period - Shot Misses the Net.
12:08 of 3rd period - Wrist shot by Alex DeBrincat.
12:08 of 3rd period - Deflect By Elias Pettersson.
12:08 of 3rd period - Shot Misses the Net.
12:08 of 3rd period - Puck is out of play.
12:09 of 3rd period - Nolan Patrick wins face-off versus Elias Pettersson in Nashville Predators zone.
12:20 of 3rd period - Rasmus Ristolainen is hit by Alex DeBrincat and loses puck.
12:35 of 3rd period - Nolan Patrick is hit by Evander Kane and loses puck.
13:34 of 3rd period - Slapshot by Elias Pettersson.
13:34 of 3rd period - Shot Misses the Net.
13:54 of 3rd period - Snap shot by Corey Perry.
13:54 of 3rd period - Deflect By Nick Bjugstad.
13:54 of 3rd period - Stopped by Frederik Andersen without a rebound.
13:55 of 3rd period - Robert Thomas wins face-off versus Riley Nash in St.Louis Blues zone.
14:05 of 3rd period - Off-side.
14:06 of 3rd period - Elias Pettersson wins face-off versus Thomas Novak in neutral zone.
14:09 of 3rd period - Slapshot by Jake Guentzel.
14:09 of 3rd period - Shot Misses the Net.
14:17 of 3rd period - Wrist shot by Thomas Novak.
14:17 of 3rd period - Shot Blocked by Alex DeBrincat.
14:19 of 3rd period - Snap shot by Jake Muzzin.
14:19 of 3rd period - Shot Misses the Net.
14:21 of 3rd period - Slapshot by Bowen Byram.
14:21 of 3rd period - Shot Blocked by Alex Pietrangelo.
14:31 of 3rd period - Wrist shot by Ryan Carpenter.
14:31 of 3rd period - Stopped by Frederik Andersen with a rebound.
14:33 of 3rd period - Slapshot by Justin Braun.
14:33 of 3rd period - Shot Blocked by Alex Tuch.
14:37 of 3rd period - Snap shot by Loui Eriksson.
14:37 of 3rd period - Shot Misses the Net.
14:39 of 3rd period - Wrist shot by Justin Braun.
14:39 of 3rd period - Stopped by Frederik Andersen with a rebound.
14:41 of 3rd period - Snap shot by Loui Eriksson.
14:41 of 3rd period - Stopped by Frederik Andersen with a rebound.
14:55 of 3rd period - Off-side.
14:56 of 3rd period - Jack Eichel wins face-off versus Nick Bjugstad in neutral zone.
15:07 of 3rd period - Wrist shot by Evander Kane.
15:07 of 3rd period - Deflect By Andrew Copp.
15:07 of 3rd period - Shot Blocked by Cale Makar.
15:07 of 3rd period - Puck is out of play.
15:08 of 3rd period - Thomas Novak wins face-off versus Elias Pettersson in Nashville Predators zone.
15:58 of 3rd period - Jake Muzzin is hit by Jack Eichel and loses puck.
16:03 of 3rd period - Slapshot by Jack Eichel.
16:03 of 3rd period - Stopped by Robin Lehner with a rebound.
16:43 of 3rd period - Jake Guentzel is hit by Justin Braun and loses puck.
16:56 of 3rd period - Riley Nash is hit by Adam Pelech and loses puck.
17:17 of 3rd period - Andrew Copp is hit by Corey Perry and loses puck.
17:55 of 3rd period - Slapshot by Nolan Patrick.
17:55 of 3rd period - Shot Misses the Net.
18:51 of 3rd period - Wrist shot by Pat Maroon.
18:51 of 3rd period - Shot Blocked by Danny DeKeyser.
19:18 of 3rd period - Snap shot by Alex DeBrincat.
19:18 of 3rd period - Deflect By Elias Pettersson.
19:18 of 3rd period - Shot Misses the Net.
19:18 of 3rd period - Puck is out of play.
19:19 of 3rd period - Robert Thomas wins face-off versus Thomas Novak in Nashville Predators zone.
19:36 of 3rd period - Slapshot by Tage Thompson.
19:36 of 3rd period - Stopped by Robin Lehner with a rebound.
Goals for this period are 1 for Nashville Predators vs 0 for St.Louis Blues.
Shots for this period are 12 for Nashville Predators vs 9 for St.Louis Blues.
Back to the Top